 Dungeon Crawl Stone Soup version 0.28-a0-906-g0406aca7d3 (webtiles) character file.

Game seed: 3639358879877592524

102 Crownlay the Caller (level 4, 0/32 HPs)
             Began as a Gnoll Summoner on Nov 23, 2021.
             Slain by an adder (2 damage)
             ... on level 3 of the Dungeon.
             The game lasted 00:05:56 (3152 turns).

Crownlay the Caller (Gnoll Summoner)                Turns: 3152, Time: 00:05:57

Health: 0/32       AC:  3    Str:  7    XL:     4   Next: 78%
Magic:  7/11       EV: 13    Int: 16    God:
Gold:   73         SH:  0    Dex: 12    Spells: 4/13 levels left

rFire   . . .      SeeInvis .   k - +1 dagger (holy)
rCold   . . .      Faith    .   (no shield)
rNeg    . . .      Spirit   .   a - +0 robe
rPois   .          Reflect  .   (no helmet)
rElec   .          Harm     .   (no cloak)
rCorr   .          Rampage  .   (no gloves)
Will    .....                   i - +0 pair of boots
Stlth   ++........              (no amulet)
HPRegen 0.10/turn               (no ring)
MPRegen 0.12/turn               (no ring)

@: lethally poisoned (0 -> -4)
A: fangs 1, strong nose, distributed training
a: no special abilities


You were on level 3 of the Dungeon.
You visited 1 branch of the dungeon, and saw 3 of its levels.

You collected 73 gold pieces.

Inventory:

Hand Weapons
 k - a +1 dagger of holy wrath (weapon)
Armour
 a - a +0 robe (worn)
 i - a +0 pair of boots (worn)
Magical Staves
 g - a staff of cold
Scrolls
 d - a scroll of enchant weapon {unknown}
 e - 2 scrolls of identify {unknown}
 h - 2 scrolls of magic mapping {unknown}
Potions
 b - a potion of mutation {unknown}
 c - a potion of resistance {unknown}
 f - a potion of curing
 j - 3 potions of brilliance {unknown}
 l - a potion of flight {unknown}
 m - a potion of degeneration {unknown}


   Skills:
 + Level 1.2 Fighting
 + Level 1.2 Short Blades
 + Level 1.2 Long Blades
 + Level 1.2 Axes
 + Level 1.2 Maces & Flails
 + Level 1.2 Polearms
 + Level 1.2 Staves
 + Level 1.2 Slings
 + Level 1.2 Bows
 + Level 1.2 Crossbows
 + Level 1.2 Throwing
 + Level 1.2 Armour
 + Level 4.7 Dodging
 + Level 4.3 Stealth
 + Level 1.2 Shields
 + Level 1.2 Unarmed Combat
 + Level 5.1 Spellcasting
 + Level 1.0 Conjurations
 + Level 1.0 Hexes
 + Level 7.1 Summonings
 + Level 1.0 Necromancy
 + Level 1.0 Translocations
 + Level 1.0 Transmutations
 + Level 1.0 Fire Magic
 + Level 1.0 Ice Magic
 + Level 1.0 Air Magic
 + Level 1.0 Earth Magic
 + Level 1.0 Poison Magic
 + Level 1.3 Invocations
 + Level 1.2 Evocations


You had 4 spell levels left.
You knew the following spells:

 Your Spells              Type           Power      Damage    Failure   Level
a - Summon Small Mammal   Summ           100%       N/A       1%          1
b - Call Imp              Summ           27%        N/A       1%          2
c - Call Canine Familiar  Summ           27%        N/A       2%          3
d - Summon Guardian Gole  Hex/Summ       17%        N/A       9%          3

Your spell library contained the following spells:

 Spells                   Type           Power      Damage    Failure   Level
 Static Discharge         Conj/Air       7%         N/A       16%         2
 Summon Lightning Spire   Summ/Air       17%        N/A       28%         4
 Portal Projectile        Hex/Tloc       14%        N/A       30%         3
 Leda's Liquefaction      Hex/Erth       3%         N/A       69%         4
 Lightning Bolt           Conj/Air       3%         1d15      95%         5
 Maxwell's Capacitive Co  Air            3%         ∞         100%        8


Dungeon Overview and Level Annotations

Branches:
Dungeon (3/15)

Altars:

Shops:
D:1 (


Innate Abilities, Weirdness & Mutations

You have very sharp teeth.
Your uncanny sense of smell can sniff out nearby items.
Your experience applies equally to all skills.


Message History

You are more poisoned.
The adder poisons you!
You hit the adder. You bite the adder, but do no damage.
The adder is moderately wounded.
You feel sick. The adder misses you. The goblin closely misses you.
You hit the adder.
The adder is severely wounded.
You feel sick. The adder misses you. The goblin hits you but does no damage.
You miss the adder.
The adder is severely wounded.
You feel sick. The adder barely misses you. The goblin closely misses you.
The adder barely misses you.
You miss the adder. Your bite misses the adder.
The adder is severely wounded.
You feel sick. The adder bites you. The goblin barely misses you.
You are too injured to fight recklessly!
You are too injured to fight recklessly!
You are too injured to fight recklessly!
Casting: Call Canine Familiar (dangerous; 2% risk of failure)
Confirm with . or Enter, or press ? or * to list all spells.
You feel sick. The adder bites you but does no damage.
The goblin hits you with a +0 club.
Casting: Summon Small Mammal (safe; 1% risk of failure)
Confirm with . or Enter, or press ? or * to list all spells.
You feel sick. The adder bites you.
You are lethally poisoned!
The adder poisons you! The goblin misses you. The adder bites you.
* * * LOW HITPOINT WARNING * * *
* * * LOW HITPOINT WARNING * * *
You feel very sick.
Your hound bites the adder.
Your rat misses the adder.
* * * LOW HITPOINT WARNING * * *
You feel sick.
* * * LOW HITPOINT WARNING * * *
You feel sick. The goblin barely misses your hound.
Your rat bites the goblin.
* * * LOW HITPOINT WARNING * * *
You feel sick.
Your hound misses the adder.
Your hound bites the goblin.
The goblin dies!
The adder bites you.
You die...

.....######## #
............# #.#.+ ..'
.....######.#######.#.# ..#
.....# ###'##........' ...#
.....# #............# ....#
.....####............##....#
........+..................#
...######........##........#
............##..@S)hr.....#
#.#########.##.....†......#
#.# #.##.........!..# #.#
#.##............'. #.#
..............#. #.#
########.......# #.#
........# #.# ....###'# #.#


You could see an adder (ally target), a friendly hound (summoned) and a friendly
rat (summoned).

Vanquished Creatures
  A worm (D:3)
  A dart slug (D:1)
  An endoplasm (D:2)
  3 giant cockroaches
  A goblin (D:2)
  A hobgoblin (D:2)
  4 kobolds
  2 quokkas
  5 ball pythons
  3 bats
  A frilled lizard (D:3)
  A rat (D:2)
24 creatures vanquished.

Vanquished Creatures (collateral kills)
  An adder (D:2)
  A gnoll (D:1)
  A worm (D:2)
  2 dart slugs (D:1)
  A ball python (D:1)
  4 endoplasms (D:1)
  3 giant cockroaches (D:1)
  5 goblins
  5 hobgoblins
  6 quokkas
  6 bats
  A frilled lizard (D:2)
  2 kobolds (D:2)
38 creatures vanquished.

Grand Total: 62 creatures vanquished

Notes
Turn   | Place    | Note
-------+----------+-------------------------------------------
     0 | D:1      | Crownlay the Gnoll Summoner began the quest for the Orb.
     0 | D:1      | Reached XP level 1. HP: 13/13 MP: 6/6
   271 | D:1      | Reached XP level 2. HP: 19/19 MP: 5/7
   356 | D:1      | HP: 1/20 [poisoned by a kobold]
   670 | D:1      | Found a faded altar of an unknown god.
   700 | D:1      | Found Urong's Weapon Boutique.
   821 | D:1      | Learned a level 2 spell: Call Imp
   859 | D:1      | Reached XP level 3. HP: 11/25 MP: 6/9
   866 | D:1      | Reached skill level 5 in Spellcasting
  1040 | D:1      | Reached skill level 1 in Invocations
  1349 | D:2      | Learned a level 3 spell: Call Canine Familiar
  1652 | D:2      | Reached skill level 1 in Fighting
  1652 | D:2      | Reached skill level 1 in Short Blades
  1652 | D:2      | Reached skill level 1 in Long Blades
  1652 | D:2      | Reached skill level 1 in Axes
  1652 | D:2      | Reached skill level 1 in Maces & Flails
  1652 | D:2      | Reached skill level 1 in Polearms
  1652 | D:2      | Reached skill level 1 in Staves
  1652 | D:2      | Reached skill level 1 in Slings
  1652 | D:2      | Reached skill level 1 in Bows
  1652 | D:2      | Reached skill level 1 in Crossbows
  1652 | D:2      | Reached skill level 1 in Throwing
  1652 | D:2      | Reached skill level 1 in Armour
  1652 | D:2      | Reached skill level 1 in Shields
  1652 | D:2      | Reached skill level 1 in Unarmed Combat
  1652 | D:2      | Reached skill level 1 in Evocations
  1926 | D:2      | Reached XP level 4. HP: 24/32 MP: 7/11
  2128 | D:2      | Learned a level 3 spell: Summon Guardian Golem
  2579 | D:2      | Reached skill level 1 in Conjurations
  2579 | D:2      | Reached skill level 1 in Hexes
  2579 | D:2      | Reached skill level 1 in Necromancy
  2579 | D:2      | Reached skill level 1 in Translocations
  2579 | D:2      | Reached skill level 1 in Transmutations
  2579 | D:2      | Reached skill level 1 in Fire Magic
  2579 | D:2      | Reached skill level 1 in Ice Magic
  2579 | D:2      | Reached skill level 1 in Air Magic
  2579 | D:2      | Reached skill level 1 in Earth Magic
  2579 | D:2      | Reached skill level 1 in Poison Magic
  3152 | D:3      | Slain by an adder

Illustrated notes

Levels and vault maps discovered:
D:1:      matt_arrival_grand_opening, layout_rooms, serial_shops, shop_statue,
          shapermc_ecumenical_altar_acropolis
D:2:      layout_basic, dk_noncrumbling_3, minmay_joined_circles
D:3:      layout_basic, nicolae_figureground_sparkle

Skill      XL: |  1  2  3  4 |
---------------+-------------+-----
Spellcasting   | 5 |  5.1
Invocations    | 1 |  1.3
Fighting       | 1 |  1.2
Short Blades   | 1 |  1.2
Long Blades    | 1 |  1.2
Axes           | 1 |  1.2
Maces & Flails | 1 |  1.2
Polearms       | 1 |  1.2
Staves         | 1 |  1.2
Slings         | 1 |  1.2
Bows           | 1 |  1.2
Crossbows      | 1 |  1.2
Throwing       | 1 |  1.2
Armour         | 1 |  1.2
Shields        | 1 |  1.2
Unarmed Combat | 1 |  1.2
Evocations     | 1 |  1.2
Conjurations   | 1 |  1.0
Hexes          | 1 |  1.0
Necromancy     | 1 |  1.0
Translocations | 1 |  1.0
Transmutations | 1 |  1.0
Fire Magic     | 1 |  1.0
Ice Magic      | 1 |  1.0
Air Magic      | 1 |  1.0
Earth Magic    | 1 |  1.0
Poison Magic   | 1 |  1.0
Dodging        | |  4.7
Stealth        | |  4.3
Summonings     | |  7.1

Action                   |  1- 3 |  4- 6 || total
-------------------------+-------+-------++-------
Melee: Unarmed           |     6 |       ||     6
       Bite              |     5 |     2 ||     7
       Short sword       |    54 |     5 ||    59
       Dagger            |       |    62 ||    62
 Cast: Summon Small Mamm |    30 |     1 ||    31
       Call Canine Famil |     7 |    10 ||    17
       Call Imp          |     2 |       ||     2
  Use: Potion            |     1 |       ||     1
 Stab: Sleeping          |       |     3 ||     3
Armor: Robe              |    16 |    13 ||    29
Dodge: Dodged            |    76 |    66 ||   142

Table legend: (Time is in decaauts)
 A = Elapsed time spent in this place.
 B = Non-inter-level travel time spent in this place.
 C = Inter-level travel time spent in this place.
 D = Time resting spent in this place.
 E = Time spent auto-exploring this place.
 F = Levels seen in this place.
 G = Mean time per level.
                   A        B        C        D        E       F      G
               +--------+--------+--------+--------+--------+-----+--------+
         Total |   3151 |   3063 |     88 |      0 |   2511 |   3 | 1050.3 |
       Dungeon |   3151 |   3063 |     88 |      0 |   2511 |   3 | 1050.3 |
               +--------+--------+--------+--------+--------+-----+--------+

Top non-repeatable levels by time:
     D:2: 1591 daAuts
     D:1: 1318 daAuts
     D:3: 240 daAuts
